Map: Phantom Mode

Players

CCPCerebrate

  • Race: Zerg Zerg
  • Spawn Location: 7:00

Motive

  • Race: Protoss Protoss
  • Spawn Location: 11:00

BIGFATAHHH

  • Race: Zerg Zerg
  • League: Platinum
  • Spawn Location: 1:00

KentuckySUS

  • Race: Protoss Protoss
  • Spawn Location: 3:00

OldManEmu

  • Race: Protoss Protoss
  • Spawn Location: 7:00

Cyclone

  • Race: Zerg Zerg
  • Spawn Location: 9:00

EarthEssance

  • Race: Zerg Zerg
  • Spawn Location: 5:00

Avalon

  • Race: Zerg Zerg
  • Spawn Location: 5:00

VOD

Have the link to the VOD?

Description

Time

  • Played on: Dec. 1, 2024, 8:06 p.m.
  • Length: 57:02
Show
View Real Time Build Order
Export as new Build Order

CCPCerebrate Zerg 

Build Orders: Pool First 

Get SALT Encoding   

  12  0:31  Pneumatized Carapace  
  12  0:32  Drone x2  
  14  0:37  Spawning Pool  
  14  0:39  Drone  
  14  0:41  Hatchery  
  13  0:42  Extractor  
  13  0:43  Extractor  
  11  0:57  Drone x2  
  13  1:05  Hatchery  
  13  1:07  Drone  
  13  1:18  Drone  
  14  1:25  Lair  
  14  1:51  Overlord x2  
  14  2:00  Drone  
  14  2:01  Drone  
  16  2:15  Drone  
  16  2:16  Drone x2  
  19  2:30  Drone x3  
  22  2:39  Spire  
  22  2:44  Spire  
  20  2:55  Drone x2  
  22  3:00  Infestation Pit  
  21  3:26  Drone x4  
  21  3:27  Drone x3  
  28  3:43  Neural Parasite  
  28  3:44  Extractor  
  28  3:45  Extractor  
  28  3:48  Infestor  
  28  4:17  Drone  
  28  4:18  Drone x6  
  28  4:19  Drone  
  36  4:47  Infestor x2, Overlord  
  36  4:48  Overlord x2  
  40  5:53  Nexus  
  40  6:00  Infestor x2  
  40  6:01  Infestor  
  46  6:04  Zerg Flyer Weapons Level 1, Zerg Flyer Armor Level 1  
  46  6:05  Drone x5  
  46  6:06  Drone  
  52  6:37  Hive  
  52  7:02  Probe  
  53  7:22  Nexus  
  53  7:26  Pylon  
  53  7:28  Pylon  
  53  7:29  Pylon  
  53  7:30  Pylon  
  53  7:31  Pylon  
  53  7:33  Pylon  
  53  8:56  Gateway x2  
  53  8:58  Gateway x2  
  53  9:02  Forge  
  53  9:03  Forge  
  53  9:04  Forge  
  53  9:43  Protoss Ground Armor Level 1, Protoss Shields Level 1, Protoss Ground Weapons Level 1  
  53  9:56  Cybernetics Core  
  53  9:58  Cybernetics Core  
  53  10:03  Cybernetics Core  
  53  10:29  Overseer x2  
  53  10:30  Overseer  
  53  10:40  Zergling x4  
  55  10:43  Corruptor  
  55  10:44  Corruptor, Viper x2  
  65  11:21  Warp Gate  
  65  11:26  Forge x2  
  65  11:27  Forge  
  65  11:36  Protoss Air Weapons Level 1  
  65  11:49  Stargate  
  65  11:50  Stargate x2  
  65  11:54  Stargate, Twilight Council  
  65  12:10  Pylon  
  65  12:11  Pylon  
  65  12:13  Pylon  
  65  12:14  Pylon  
  65  12:15  Pylon  
  65  12:29  Photon Cannon  
  65  12:35  Photon Cannon  
  65  12:36  Photon Cannon  
  65  12:37  Photon Cannon  
  65  12:51  Pylon  
  65  12:52  Pylon  
  65  12:53  Pylon  
  65  12:54  Pylon  
  65  13:01  Dark Shrine  
  65  13:03  Fleet Beacon  
  77  13:07  Protoss Shields Level 2, Protoss Ground Armor Level 2, Protoss Ground Weapons Level 2  
  77  13:11  Void Ray x4  
  77  13:12  Templar Archives  
  81  13:18  Photon Cannon x2  
  81  13:19  Photon Cannon  
  81  13:21  Protoss Air Armor Level 1, Photon Cannon  
  81  13:22  Photon Cannon  
  81  13:23  Photon Cannon  
  81  13:25  Pylon  
  81  13:26  Pylon  
  81  13:27  Pylon  
  81  13:28  Pylon  
  81  13:29  Pylon  
  81  13:36  Pylon  
  81  13:37  Pylon  
  81  13:39  Pylon  
  81  13:41  Pylon  
  81  13:42  Pylon  
  85  13:51  Photon Cannon  
  85  13:52  Photon Cannon  
  85  13:53  Photon Cannon  
  85  13:54  Void Ray, Photon Cannon  
  105  13:59  Void Ray x3  
  105  14:00  Mothership, Drone x2  
  105  14:01  Drone x2  
  109  14:08  Protoss Air Weapons Level 2  
  113  14:40  Void Ray  
  113  14:41  Photon Cannon  
  113  14:42  Photon Cannon  
  113  14:44  Photon Cannon  
  113  14:45  High Templar x4, Photon Cannon  
  121  14:46  Psionic Storm  
  121  15:55  Shield Battery  
  121  15:56  Shield Battery  
  121  15:58  Shield Battery  
  121  16:00  Photon Cannon, Shield Battery, Corruptor x2  
  121  16:01  Corruptor x2  
  121  16:02  Photon Cannon, Zerg Flyer Armor Level 2, Zerg Flyer Weapons Level 2  
  121  16:03  Corruptor x2  
  133  16:04  Photon Cannon  
  133  16:05  Flux Vanes  
  133  16:32  Protoss Ground Weapons Level 3  
  133  16:40  Shield Battery  
  133  16:41  Shield Battery  
  133  16:42  Shield Battery  
  133  16:43  Shield Battery  
  133  16:45  Shield Battery  
  133  16:46  Shield Battery  
  133  16:48  Shield Battery x2  
  133  16:50  Shield Battery  
  133  16:51  Shield Battery  
  133  16:52  Shield Battery  
  133  16:53  Shield Battery  
  133  17:08  Protoss Ground Armor Level 3, Protoss Shields Level 3  
  133  17:45  Shield Battery  
  133  17:46  Shield Battery  
  133  17:48  Photon Cannon  
  133  17:49  Photon Cannon  
  133  17:50  Photon Cannon  
  133  17:51  Photon Cannon  
  133  17:52  Photon Cannon  
  133  18:03  Charge  
  133  18:06  Shadow Stride  
  133  18:15  Photon Cannon  
  133  18:16  Photon Cannon  
  133  18:18  Protoss Air Armor Level 2  
  133  18:22  Protoss Air Weapons Level 3  
  133  18:42  Unknown  
  133  19:13  Photon Cannon x2  
  133  19:14  Photon Cannon  
  133  19:15  Photon Cannon  
  133  19:16  Photon Cannon  
  133  19:17  Photon Cannon  
  133  19:19  Photon Cannon  
  133  19:21  Pylon  
  133  19:22  Pylon  
  133  19:26  Photon Cannon  
  133  19:27  Shield Battery  
  133  19:28  Photon Cannon  
  133  19:56  Pylon  
  133  19:57  Pylon, Blink  
  133  19:58  Pylon  
  133  19:59  Pylon  
  133  20:03  Pylon  
  133  20:04  Pylon  
  133  20:23  Pylon  
  133  20:24  Pylon  
  133  20:25  Pylon  
  133  20:27  Pylon  
  133  21:21  Photon Cannon  
  133  21:22  Photon Cannon  
  133  21:24  Photon Cannon  
  133  21:25  Photon Cannon  
  133  21:26  Photon Cannon  
  133  21:28  Photon Cannon  
  133  21:29  Shield Battery  
  133  21:30  Shield Battery  
  133  21:34  Shield Battery  
  133  21:36  Photon Cannon, Shield Battery  
  133  21:37  Photon Cannon  
  133  21:42  Photon Cannon  
  133  21:43  Photon Cannon  
  133  21:45  Photon Cannon  
  133  21:46  Shield Battery  
  133  21:49  Shield Battery  
  133  21:58  Resonating Glaives  
  133  22:39  Photon Cannon  
  133  22:40  Shield Battery  
  133  22:41  Photon Cannon  
  133  22:43  Photon Cannon  
  133  23:13  Stargate  
  133  23:15  Stargate  
  133  23:18  Stargate x2  
  133  23:24  Fleet Beacon, Templar Archives  
  133  23:27  Dark Shrine  
  133  23:30  Gateway  
  133  23:31  Gateway  
  133  23:32  Gateway  
  133  23:33  Gateway  
  133  23:39  Gateway x2  
  145  23:41  Corruptor x3  
  145  23:42  Corruptor x3  
  145  23:43  Gateway  
  145  23:46  Void Ray x3  
  145  23:48  Pylon x2  
  157  23:50  Pylon  
  157  23:57  Protoss Air Armor Level 3  
  157  24:22  Zerg Flyer Weapons Level 3, Zerg Flyer Armor Level 3  
  157  24:25  Drone  
  157  24:26  Drone x8  
  166  25:18  Drone x4  
  166  25:19  Drone x5  
  175  26:10  Drone x2  
  175  26:11  Drone x6  
  180  26:12  Drone  
  184  35:45  Spore Crawler  
  184  35:49  Spore Crawler  
  182  54:11  Spore Crawler x3  
  182  54:12  Spore Crawler x3  
  182  54:13  Spore Crawler  
  182  54:14  Spine Crawler  
  182  54:15  Spine Crawler  
  182  54:16  Spine Crawler, Spore Crawler  
  171  54:17  Spine Crawler x2  
  171  54:18  Spore Crawler x3  
  171  54:19  Spore Crawler  
  171  54:20  Spore Crawler  
  171  54:21  Spore Crawler  
  171  54:22  Tempest x2  
  171  54:23  Tempest x4  
  187  54:25  Dark Templar x2  
  187  54:26  Dark Templar x4  
  199  54:37  Spore Crawler  
  198  54:38  Spore Crawler x2  
  198  54:40  Spore Crawler  
  198  54:41  Spore Crawler x2  
Show
View Real Time Build Order
Export as new Build Order

Motive Protoss 

Build Orders: Double Forge, Nexus First 

Get SALT Encoding   

  12  0:32  Probe  
  13  0:39  Pylon  
  13  0:44  Probe  
  14  0:56  Probe  
  15  1:01  Assimilator, Nexus  
  15  1:04  Assimilator  
  15  1:08  Probe  
  16  1:12  Gateway  
  16  1:24  Forge  
  16  1:33  Probe  
  17  1:41  Probe  
  18  1:50  Probe  
  19  2:00  Pylon  
  19  2:02  Photon Cannon  
  19  2:03  Photon Cannon, Probe  
  19  2:04  Pylon  
  19  2:05  Protoss Ground Weapons Level 1  
  20  2:10  Probe  
  20  2:15  Probe  
  22  2:18  Probe  
  23  2:27  Probe  
  23  2:35  Cybernetics Core  
  24  2:37  Forge  
  24  2:39  Probe  
  24  2:41  Forge  
  25  2:47  Assimilator, Probe  
  25  2:49  Assimilator  
  25  2:55  Probe  
  27  3:05  Probe  
  28  3:16  Probe  
  28  3:17  Warp Gate  
  28  3:18  Pylon  
  29  3:24  Probe  
  29  3:25  Stargate  
  29  3:32  Probe x2  
  32  3:43  Probe  
  32  3:44  Probe  
  34  3:51  Probe  
  34  3:56  Probe  
  34  4:00  Probe  
  36  4:08  Probe  
  38  4:10  Probe  
  39  4:20  Probe  
  40  4:30  Fleet Beacon  
  40  4:32  Probe  
  41  4:41  Probe  
  41  4:43  Pylon x2  
  41  4:44  Protoss Shields Level 1  
  42  4:50  Probe  
  42  4:59  Probe  
  43  5:03  Protoss Air Weapons Level 1  
  44  5:07  Robotics Facility  
  44  5:10  Robotics Facility  
  44  5:11  Probe  
  45  5:15  Tempest  
  45  5:19  Stargate  
  49  5:36  Photon Cannon x2  
  49  5:38  Pylon  
  49  5:47  Pylon x2  
  49  5:50  Pylon  
  49  5:52  Pylon  
  49  5:59  Pylon  
  49  6:01  Tempest, Pylon  
  53  6:06  Tempest  
  53  6:08  Observer  
  58  6:21  Photon Cannon x2  
  58  6:24  Photon Cannon  
  58  6:25  Photon Cannon  
  58  6:37  Stargate  
  58  6:45  Tempest  
  62  6:49  Tempest  
  66  7:01  Unknown  
  66  7:07  Stargate  
  66  7:20  Photon Cannon  
  66  7:22  Photon Cannon  
  66  7:23  Pylon  
  66  7:24  Protoss Air Weapons Level 2  
  66  7:46  Twilight Council  
  66  7:50  Tempest x2  
  74  7:51  Tempest  
  78  8:03  Tempest  
  82  8:43  Tempest x2  
  82  8:44  Tempest, Dark Shrine  
  94  8:48  Protoss Shields Level 2  
  94  9:00  Tempest  
  98  9:27  Tempest x2  
  98  9:29  Tempest  
  110  9:51  Robotics Bay  
  110  9:52  Pylon  
  110  10:05  Pylon  
  110  10:09  Pylon  
  110  10:10  Tempest, Pylon  
  110  10:12  Tempest  
  118  10:15  Tempest  
  118  10:18  Tempest  
  126  10:27  Protoss Air Weapons Level 3  
  126  11:03  Shield Battery  
  126  11:04  Shield Battery  
  126  11:05  Photon Cannon  
  126  11:07  Tempest x2, Photon Cannon  
  126  11:10  Photon Cannon  
  126  11:11  Photon Cannon  
  134  11:17  Pylon  
  134  11:18  Pylon  
  134  11:20  Pylon  
  134  11:21  Pylon  
  134  11:30  Tempest  
  138  11:38  Observer  
  139  11:54  Protoss Shields Level 3  
  139  12:04  Shield Battery  
  139  12:06  Shield Battery  
  139  12:07  Photon Cannon  
  139  12:11  Photon Cannon  
  139  12:13  Photon Cannon  
  139  12:15  Photon Cannon  
  139  12:21  Tempest x2, Photon Cannon x2  
  147  12:59  Photon Cannon x2  
  147  13:01  Photon Cannon  
  147  13:02  Photon Cannon  
  147  13:03  Photon Cannon  
  147  13:04  Photon Cannon  
  147  13:16  Tempest  
  147  13:17  Tempest  
  147  13:18  Photon Cannon  
  147  13:19  Photon Cannon  
  155  13:20  Photon Cannon  
  155  13:22  Photon Cannon  
  155  13:48  Tempest x2  
  155  13:53  Gravitic Boosters  
  163  14:00  Protoss Air Armor Level 1, Photon Cannon  
  163  14:26  Pylon  
  163  14:28  Pylon  
  163  14:29  Pylon  
  163  14:31  Pylon  
  163  14:51  Gravitic Drive  
  163  14:57  Photon Cannon  
  163  14:58  Photon Cannon  
  163  14:59  Photon Cannon  
  163  15:01  Tempest  
  163  15:02  Tempest  
  163  15:03  Tempest  
  175  15:07  Photon Cannon  
  175  15:08  Photon Cannon  
  175  15:10  Photon Cannon  
  175  15:11  Photon Cannon  
  175  15:15  Shield Battery  
  175  15:20  Shield Battery  
  175  15:24  Shield Battery  
  175  15:26  Pylon  
  175  15:37  Tempest  
  179  15:54  Pylon  
  179  15:58  Pylon  
  179  16:03  Photon Cannon  
  179  16:05  Photon Cannon  
  179  16:07  Photon Cannon  
  179  16:14  Tempest  
  179  16:15  Tempest  
  187  16:25  Protoss Air Armor Level 2  
  187  16:32  Photon Cannon  
  187  16:34  Photon Cannon  
  187  16:38  Photon Cannon  
  187  16:41  Photon Cannon  
  187  16:46  Photon Cannon  
  187  16:59  Photon Cannon  
  187  17:01  Photon Cannon  
  187  17:02  Photon Cannon  
  187  17:09  Tempest  
  187  17:11  Tempest  
  195  17:26  Photon Cannon  
  195  17:27  Photon Cannon  
  195  17:29  Photon Cannon  
  195  17:32  Photon Cannon  
  195  17:40  Photon Cannon  
  195  18:13  Shield Battery  
  195  18:14  Shield Battery  
  195  18:15  Pylon, Shield Battery  
  195  18:21  Shield Battery  
  195  18:35  Shield Battery  
  195  18:36  Shield Battery  
  195  18:39  Shield Battery  
  195  18:41  Shield Battery  
  195  18:44  Shield Battery  
  195  19:27  Photon Cannon  
  195  19:28  Photon Cannon  
  195  19:30  Photon Cannon x2  
  195  19:32  Photon Cannon x2  
  195  19:34  Photon Cannon x2  
  195  19:36  Photon Cannon  
  195  19:38  Photon Cannon  
  195  19:39  Photon Cannon  
  195  19:44  Protoss Air Armor Level 3  
  195  19:48  Photon Cannon x2  
  195  19:50  Photon Cannon x2  
  195  19:53  Photon Cannon  
  195  20:16  Stargate  
  195  20:17  Stargate  
  195  20:19  Stargate  
  195  20:37  Pylon  
  195  20:38  Pylon  
  195  20:55  Pylon  
  195  20:56  Pylon  
  195  20:58  Pylon  
  195  20:59  Pylon  
  195  21:04  Stargate x2  
  195  21:17  Stargate x2  
  195  21:19  Stargate  
  195  21:20  Stargate  
  195  21:21  Stargate  
  195  21:28  Stargate x2  
  195  21:51  Stargate  
  195  21:53  Stargate  
  195  21:55  Stargate  
  195  21:57  Stargate  
  195  21:58  Stargate  
  195  22:00  Stargate  
  195  22:04  Photon Cannon  
  195  22:12  Photon Cannon  
  195  22:13  Photon Cannon  
  195  22:14  Photon Cannon  
  195  22:25  Photon Cannon  
  195  22:29  Photon Cannon x2  
  195  22:32  Pylon  
  195  22:34  Pylon  
  195  22:38  Photon Cannon  
  195  23:39  Photon Cannon  
  195  23:40  Photon Cannon  
  195  23:45  Photon Cannon  
  195  23:48  Photon Cannon  
  195  23:49  Photon Cannon  
  195  23:50  Photon Cannon x2  
  195  23:56  Photon Cannon  
  195  23:58  Pylon  
  195  24:09  Photon Cannon  
  195  24:15  Photon Cannon  
  195  24:17  Photon Cannon  
  195  24:19  Photon Cannon  
  195  24:27  Photon Cannon  
  195  24:28  Photon Cannon  
  195  24:32  Anion Pulse-Crystals  
  195  24:44  Photon Cannon x2  
  195  24:46  Photon Cannon  
  195  24:47  Photon Cannon  
  195  24:49  Photon Cannon  
  195  24:50  Photon Cannon  
  195  24:51  Photon Cannon  
  195  24:52  Photon Cannon  
  195  26:01  Photon Cannon x2  
  195  26:02  Photon Cannon x2  
  195  26:05  Photon Cannon  
  195  26:06  Photon Cannon  
  195  26:08  Photon Cannon  
  195  26:16  Shield Battery  
  195  26:18  Shield Battery  
  195  26:19  Shield Battery  
  195  26:20  Photon Cannon x2  
  195  26:22  Photon Cannon  
  195  26:45  Protoss Ground Weapons Level 2  
  195  26:47  Flux Vanes  
  195  26:52  Blink  
  198  28:14  Tempest  
  198  32:29  Photon Cannon  
  198  32:30  Photon Cannon  
  198  32:31  Photon Cannon  
  198  32:33  Photon Cannon  
  198  32:34  Photon Cannon  
  199  33:21  Observer  
  199  34:24  Photon Cannon  
  199  34:25  Photon Cannon  
  199  34:27  Photon Cannon  
  199  34:28  Photon Cannon x2  
  199  34:29  Photon Cannon  
  199  34:31  Photon Cannon  
  199  34:32  Photon Cannon  
  199  34:33  Photon Cannon  
  199  34:35  Photon Cannon  
  199  34:37  Photon Cannon  
  199  34:41  Photon Cannon  
  199  34:46  Photon Cannon  
  199  34:48  Photon Cannon  
  199  34:49  Photon Cannon  
  199  34:54  Shield Battery  
  199  34:56  Shield Battery  
  199  34:57  Shield Battery  
  199  35:29  Shield Battery  
  199  35:30  Shield Battery  
  199  35:43  Stargate  
  199  35:44  Stargate  
  199  35:46  Stargate  
  199  35:49  Stargate  
  199  36:14  Photon Cannon  
  199  36:15  Photon Cannon  
  199  36:17  Photon Cannon  
  199  36:18  Pylon  
  199  36:20  Pylon  
  186  52:17  Tempest x4  
  182  52:32  Tempest x4  
  174  52:46  Tempest  
  174  52:47  Tempest x4  
  150  53:02  Tempest  
Show
View Real Time Build Order
Export as new Build Order

BIGFATAHHH Zerg 

Build Orders: Pool First, Lurkers 

Get SALT Encoding   

  12  0:31  Drone x2  
  12  0:32  Spawning Pool  
  13  0:37  Overlord  
  13  0:43  Drone  
  14  0:54  Hatchery  
  14  0:55  Drone  
  14  0:58  Hatchery  
  14  1:03  Drone  
  14  1:14  Drone  
  15  1:21  Roach Warren  
  15  1:23  Queen  
  15  1:25  Drone  
  17  1:35  Drone  
  18  1:46  Drone  
  19  2:01  Roach  
  21  2:07  Roach  
  23  2:09  Roach  
  23  2:10  Roach  
  23  2:13  Spine Crawler  
  23  2:14  Spine Crawler  
  23  2:15  Spine Crawler  
  24  2:21  Drone x2  
  26  2:25  Drone  
  26  2:29  Ravager x2  
  29  2:31  Ravager  
  29  2:34  Ravager  
  31  2:38  Drone  
  31  2:40  Drone  
  31  2:43  Drone  
  34  3:06  Overlord x2  
  34  3:17  Hatchery  
  33  3:20  Drone  
  34  3:27  Drone x2  
  34  3:28  Drone x2  
  38  3:34  Drone x2  
  38  3:35  Drone  
  38  3:38  Drone  
  42  3:43  Unknown  
  42  3:44  Unknown  
  42  3:45  Drone  
  42  3:47  Drone  
  42  3:51  Drone  
  42  3:53  Drone  
  44  3:57  Drone  
  44  3:58  Drone  
  44  4:00  Drone  
  47  4:04  Drone x2  
  47  4:08  Drone  
  50  4:10  Overlord  
  50  4:23  Overlord x2  
  50  4:29  Drone x2  
  50  4:30  Drone  
  50  4:31  Drone x4  
  54  4:37  Drone  
  54  4:38  Drone x3  
  61  4:43  Extractor  
  61  4:44  Extractor  
  59  4:46  Drone  
  59  4:47  Drone  
  59  4:49  Drone x3  
  64  4:53  Extractor x2  
  64  4:54  Drone  
  64  4:58  Drone x5  
  68  5:01  Lair  
  68  5:04  Drone  
  69  5:09  Drone  
  69  5:11  Drone x2  
  69  5:13  Drone  
  73  5:20  Drone  
  74  5:21  Drone x2  
  74  5:23  Drone  
  77  5:32  Drone  
  77  5:33  Drone  
  77  5:35  Overlord x5  
  79  5:37  Pneumatized Carapace  
  79  5:47  Evolution Chamber  
  79  5:48  Evolution Chamber  
  79  5:49  Evolution Chamber  
  76  5:51  Drone  
  77  5:58  Drone x2  
  77  6:02  Hydralisk Den  
  78  6:04  Spire x2  
  78  6:07  Drone x2  
  78  6:08  Drone  
  79  6:13  Drone  
  79  6:17  Zerg Missile Weapons Level 1, Zerg Melee Weapons Level 1, Zerg Ground Armor Level 1  
  80  6:35  Muscular Augments  
  80  6:40  Lurker Den, Infestation Pit  
  80  6:42  Drone x2  
  80  6:50  Hatchery x2  
  80  6:53  Drone x2  
  80  6:54  Drone x3  
  80  6:58  Lair  
  80  7:01  Spire  
  82  7:03  Drone  
  83  7:18  Spore Crawler  
  83  7:19  Zerg Flyer Weapons Level 1, Spore Crawler, Zerg Flyer Armor Level 1  
  83  7:20  Spore Crawler  
  83  7:21  Hive  
  80  7:28  Lair  
  80  7:36  Drone  
  81  7:37  Drone x9  
  81  7:38  Drone  
  81  7:39  Grooved Spines  
  91  7:45  Spore Crawler  
  91  7:46  Spore Crawler  
  89  7:52  Drone x2  
  89  7:53  Drone  
  92  8:02  Hatchery  
  92  8:04  Hatchery  
  92  8:05  Hatchery  
  89  8:14  Hatchery  
  89  8:15  Hatchery  
  89  8:16  Hatchery  
  89  8:18  Hatchery  
  89  8:19  Hatchery x2  
  83  8:21  Hatchery  
  83  8:25  Hatchery  
  81  8:32  Spore Crawler  
  80  8:35  Spore Crawler  
  80  8:36  Spore Crawler  
  80  8:37  Spore Crawler  
  80  8:41  Greater Spire  
  77  8:43  Drone  
  77  8:47  Zerg Melee Weapons Level 2  
  77  8:48  Zerg Missile Weapons Level 2, Zerg Ground Armor Level 2  
  78  8:54  Adaptive Talons  
  78  9:16  Zerg Flyer Armor Level 2, Zerg Flyer Weapons Level 2  
  78  9:19  Metabolic Boost  
  78  9:46  Drone x7  
  78  9:47  Drone x23  
  108  9:55  Unknown  
  108  10:15  Spore Crawler  
  108  10:17  Spore Crawler  
  108  10:18  Spore Crawler x2  
  108  10:19  Spore Crawler  
  108  10:20  Spore Crawler  
  108  10:21  Spore Crawler x2  
  101  10:22  Spore Crawler x2  
  101  10:24  Spore Crawler  
  101  10:25  Spore Crawler  
  96  10:31  Spore Crawler  
  96  10:32  Spore Crawler x2  
  96  10:33  Spore Crawler x2  
  96  10:34  Spore Crawler  
  96  10:35  Spore Crawler x3  
  88  10:38  Adrenal Glands  
  88  10:41  Spore Crawler x2  
  88  10:42  Spore Crawler x2  
  84  10:44  Drone x12, Spore Crawler x2  
  84  10:45  Drone x9, Spore Crawler x2  
  84  10:47  Spore Crawler, Viper x5  
  114  10:54  Seismic Spines  
  114  11:08  Spore Crawler x3  
  114  11:10  Spore Crawler x3  
  108  11:11  Nydus Network  
  108  11:12  Nydus Network  
  108  11:13  Spore Crawler  
  105  11:21  Zerg Melee Weapons Level 3, Zerg Missile Weapons Level 3  
  105  11:22  Zerg Ground Armor Level 3  
  105  11:36  Spore Crawler x3  
  105  11:37  Spore Crawler x2  
  105  11:39  Spore Crawler  
  99  11:40  Spore Crawler x4  
  99  11:41  Spore Crawler  
  99  11:42  Spore Crawler  
  93  11:56  Zerg Flyer Weapons Level 3, Zerg Flyer Armor Level 3  
  93  12:09  Drone x3  
  96  12:16  Ultralisk Cavern  
  96  12:21  Drone x3, Hydralisk Den  
  97  12:27  Hydralisk x2  
  97  12:28  Hydralisk x4  
  109  13:00  Lurker x4  
  109  13:01  Lurker x2  
  115  13:27  Chitinous Plating  
  115  13:31  Drone x3  
  118  13:36  Hatchery  
  118  13:38  Hatchery  
  116  13:42  Hatchery  
  116  13:43  Hatchery  
  114  13:53  Drone x13  
  114  13:54  Drone x2  
  129  14:02  Hatchery  
  128  14:05  Hatchery  
  127  14:10  Lair  
  127  14:24  Spore Crawler x2  
  126  14:25  Spore Crawler  
  126  14:26  Spore Crawler x2  
  126  14:27  Spore Crawler x2  
  126  14:28  Spore Crawler x2  
  126  14:31  Spine Crawler x2  
  117  14:32  Spine Crawler  
  117  14:36  Spine Crawler  
  117  14:37  Spine Crawler  
  117  14:38  Spine Crawler  
  100  15:34  Greater Spire x2  
  100  15:36  Hive  
  100  15:40  Drone  
  100  15:41  Drone x2  
  103  15:52  Ultralisk Cavern  
  102  16:00  Spore Crawler  
  102  16:01  Spore Crawler x2  
  99  16:08  Anabolic Synthesis  
  99  16:35  Corruptor  
  99  16:36  Corruptor x28  
  99  16:37  Corruptor x5  
  99  16:38  Corruptor x2  
  171  16:44  Burrow  
  171  18:02  Hydralisk  
  171  18:03  Hydralisk  
  175  18:07  Corruptor x9  
  193  18:36  Lurker x2  
  195  19:05  Overlord  
  195  19:06  Overlord x8  
  195  19:38  Corruptor x2  
  199  24:16  Overlord  
  199  24:17  Overlord x8  
  199  24:19  Overseer x3  
  199  24:20  Overseer  
  199  27:36  Overseer  
  199  30:12  Overseer  
  199  38:24  Lair  
  199  38:28  Lair x2  
  199  38:29  Lair  
  184  50:19  Nydus Canal x2  
  178  50:22  Corruptor  
  178  50:23  Corruptor x10  
  200  51:15  Spore Crawler  
  200  51:16  Spore Crawler  
  200  51:17  Spore Crawler  
  200  51:18  Spore Crawler x2  
  196  51:19  Spore Crawler  
  196  51:23  Spore Crawler x2  
  196  51:24  Spore Crawler  
  191  51:31  Viper x3  
  200  51:37  Spore Crawler  
  200  51:39  Spore Crawler  
  198  51:43  Spore Crawler  
  198  51:46  Viper  
Show
View Real Time Build Order
Export as new Build Order

KentuckySUS Protoss 

Build Orders: 1 Gate Expand, Nexus First, Carriers 

Get SALT Encoding   

  12  0:31  Probe  
  12  0:33  Pylon  
  13  0:43  Probe  
  14  0:52  Gateway  
  14  0:53  Nexus  
  14  0:55  Assimilator, Probe  
  15  1:06  Pylon  
  15  1:07  Probe  
  16  1:19  Probe  
  17  1:26  Pylon  
  17  1:27  Pylon  
  17  1:31  Probe  
  18  1:35  Pylon  
  18  1:37  Pylon  
  18  1:40  Cybernetics Core  
  18  1:44  Probe  
  19  2:00  Forge  
  19  2:16  Stargate  
  19  2:20  Stargate  
  19  2:29  Probe  
  20  2:41  Probe  
  21  2:53  Probe  
  21  2:54  Void Ray  
  21  2:55  Void Ray  
  22  3:05  Probe  
  31  3:17  Probe  
  31  3:18  Probe  
  33  3:30  Probe  
  34  3:42  Probe  
  34  3:44  Pylon  
  34  3:48  Twilight Council  
  35  3:51  Fleet Beacon  
  35  4:12  Probe  
  35  4:13  Probe  
  35  4:14  Assimilator  
  37  4:20  Assimilator, Probe  
  37  4:22  Assimilator  
  37  4:25  Probe  
  37  4:30  Probe  
  39  4:33  Cybernetics Core  
  39  4:37  Probe  
  41  4:42  Probe  
  42  4:49  Probe  
  43  4:54  Probe  
  43  4:55  Stargate x2  
  44  5:01  Probe, Nexus  
  44  5:06  Probe  
  46  5:11  Unknown  
  46  5:18  Probe  
  47  5:25  Protoss Shields Level 1  
  47  5:30  Probe  
  48  5:38  Protoss Air Armor Level 1, Protoss Air Weapons Level 1  
  49  5:42  Probe  
  49  5:55  Probe  
  51  5:57  Probe  
  51  6:07  Probe  
  51  6:09  Probe  
  51  6:10  Pylon, Probe  
  51  6:11  Pylon  
  53  6:12  Pylon  
  53  6:13  Pylon  
  53  6:18  Probe  
  54  6:19  Probe  
  56  6:35  Probe  
  57  6:44  Probe  
  57  6:53  Probe  
  59  7:05  Probe  
  60  7:17  Probe  
  60  7:19  Robotics Facility  
  60  7:22  Stargate  
  61  7:26  Stargate, Probe  
  61  7:27  Stargate  
  62  7:31  Stargate  
  62  7:34  Probe  
  62  7:35  Protoss Shields Level 2  
  62  7:44  Probe  
  63  7:51  Protoss Air Weapons Level 2, Protoss Air Armor Level 2  
  64  7:59  Stargate  
  64  8:03  Stargate  
  64  8:08  Observer  
  65  8:16  Pylon  
  65  8:28  Pylon  
  65  8:29  Pylon  
  65  8:31  Pylon  
  65  8:32  Pylon, Unknown, Flux Vanes  
  65  8:49  Carrier  
  65  8:50  Carrier x3  
  89  9:15  Observer  
  89  9:52  Probe  
  90  9:58  Carrier x4  
  114  10:00  Carrier  
  120  10:13  Photon Cannon  
  120  10:15  Photon Cannon x2  
  120  10:17  Photon Cannon x2  
  120  10:20  Photon Cannon  
  120  10:21  Photon Cannon  
  120  10:25  Pylon x2  
  120  10:26  Pylon  
  120  10:48  Photon Cannon  
  120  11:07  Protoss Shields Level 3  
  120  11:12  Photon Cannon x2  
  120  11:14  Photon Cannon  
  120  11:16  Photon Cannon x3  
  120  11:17  Photon Cannon  
  120  11:19  Photon Cannon  
  120  11:21  Photon Cannon  
  120  11:22  Photon Cannon  
  120  11:26  Pylon  
  120  11:27  Protoss Air Weapons Level 3, Pylon x2, Protoss Air Armor Level 3  
  120  11:29  Pylon  
  120  11:31  Pylon  
  120  11:53  Photon Cannon  
  120  11:54  Photon Cannon  
  120  11:57  Photon Cannon  
  120  11:59  Photon Cannon  
  120  12:00  Photon Cannon  
  120  12:01  Photon Cannon  
  120  12:22  Pylon  
  120  12:23  Pylon  
  120  12:25  Pylon  
  120  12:26  Pylon x2  
  120  12:27  Pylon  
  120  12:28  Pylon  
  120  12:29  Pylon x2  
  120  12:34  Pylon  
  120  12:35  Pylon  
  120  12:36  Pylon  
  120  12:37  Pylon  
  120  12:38  Pylon  
  120  12:39  Pylon  
  120  12:40  Pylon x2  
  120  12:41  Pylon  
  120  12:42  Pylon  
  120  12:43  Pylon  
  120  12:44  Pylon  
  120  12:45  Pylon  
  120  12:47  Pylon  
  120  12:48  Pylon  
  120  12:49  Pylon  
  120  12:50  Pylon  
  120  12:51  Pylon  
  120  12:53  Pylon  
  120  12:55  Pylon  
  120  12:57  Pylon  
  120  12:59  Pylon  
  120  13:00  Pylon  
  120  13:03  Pylon  
  120  13:04  Pylon  
  120  13:05  Pylon  
  120  13:16  Carrier x4  
  144  14:12  Photon Cannon  
  144  14:14  Photon Cannon  
  144  14:16  Photon Cannon  
  144  14:17  Photon Cannon  
  144  14:19  Photon Cannon  
  144  14:21  Photon Cannon  
  144  14:22  Photon Cannon  
  144  14:24  Photon Cannon  
  144  14:30  Photon Cannon  
  144  14:31  Photon Cannon  
  144  14:33  Photon Cannon  
  144  14:34  Photon Cannon  
  144  14:35  Photon Cannon  
  144  14:37  Photon Cannon x2  
  144  14:39  Photon Cannon  
  144  14:42  Photon Cannon  
  144  14:44  Photon Cannon  
  144  14:45  Photon Cannon  
  144  14:47  Photon Cannon  
  144  14:48  Photon Cannon  
  144  14:50  Photon Cannon  
  144  14:52  Photon Cannon  
  144  14:53  Photon Cannon  
  144  14:56  Photon Cannon  
  144  14:59  Photon Cannon  
  144  15:00  Photon Cannon  
  144  15:05  Photon Cannon  
  144  15:29  Photon Cannon  
  144  15:52  Shield Battery x2  
  144  15:53  Shield Battery  
  144  15:57  Shield Battery x2  
  144  15:59  Shield Battery  
  144  16:01  Shield Battery  
  144  16:02  Shield Battery  
  144  16:05  Shield Battery x2  
  144  16:07  Shield Battery  
  144  16:09  Shield Battery  
  144  16:11  Shield Battery  
  144  16:13  Shield Battery  
  144  16:15  Shield Battery  
  144  16:16  Shield Battery  
  144  16:18  Shield Battery  
  144  16:19  Shield Battery  
  144  16:20  Shield Battery  
  144  16:30  Carrier x2  
  144  16:31  Carrier  
  144  16:32  Carrier  
  168  16:40  Carrier  
  174  16:48  Carrier  
  180  16:54  Carrier  
  186  17:03  Carrier  
  192  17:31  Photon Cannon  
  192  17:32  Photon Cannon  
  192  17:33  Photon Cannon  
  192  17:34  Photon Cannon, Carrier  
  192  17:35  Photon Cannon  
  192  17:36  Photon Cannon  
  198  17:47  Observer  
  199  18:04  Observer  
  200  18:29  Observer  
  198  20:18  Photon Cannon  
  198  20:20  Photon Cannon  
  198  20:21  Photon Cannon  
  198  20:22  Photon Cannon  
  198  20:23  Photon Cannon  
  198  20:24  Photon Cannon  
  198  20:26  Photon Cannon  
  198  20:28  Photon Cannon  
  200  20:30  Photon Cannon  
  200  20:32  Photon Cannon  
  200  20:33  Photon Cannon  
  200  20:35  Photon Cannon  
  200  20:36  Photon Cannon x3  
  200  20:37  Mothership, Photon Cannon  
  200  20:39  Photon Cannon  
  200  20:41  Photon Cannon x3  
  200  20:43  Photon Cannon  
  200  20:44  Photon Cannon  
  200  20:46  Photon Cannon  
  200  20:47  Photon Cannon  
  200  20:49  Photon Cannon x2  
  200  20:53  Photon Cannon x2  
  200  20:54  Photon Cannon  
  200  20:55  Photon Cannon  
  200  20:56  Photon Cannon  
  200  20:58  Photon Cannon  
  200  20:59  Photon Cannon  
  200  21:00  Photon Cannon  
  200  21:02  Photon Cannon  
  200  21:04  Photon Cannon  
  200  21:05  Photon Cannon  
  200  21:06  Photon Cannon  
  200  21:07  Photon Cannon  
  200  21:08  Photon Cannon x2  
  200  21:09  Photon Cannon  
  200  21:10  Photon Cannon  
  200  21:12  Photon Cannon x2  
  200  21:14  Photon Cannon  
  200  21:16  Photon Cannon  
  200  21:17  Photon Cannon x2  
  200  21:19  Photon Cannon  
  200  21:20  Photon Cannon  
  200  21:21  Photon Cannon  
  200  22:16  Stargate  
  200  22:17  Stargate  
  200  22:18  Stargate  
  200  22:20  Stargate  
  200  22:23  Stargate  
  200  22:26  Pylon  
  200  22:29  Pylon  
  200  22:32  Pylon  
  200  22:34  Pylon  
  200  23:01  Photon Cannon  
  200  23:04  Photon Cannon  
  200  23:05  Photon Cannon  
  200  23:25  Photon Cannon x2  
  200  23:27  Photon Cannon  
  200  23:33  Photon Cannon x2  
  200  23:34  Photon Cannon x2  
  200  23:47  Photon Cannon x2  
  200  24:19  Pylon  
  200  24:21  Pylon  
  200  24:23  Stargate  
  200  24:25  Stargate  
  200  24:28  Stargate  
  200  24:29  Stargate  
  200  24:31  Pylon  
  200  24:43  Photon Cannon  
  200  24:44  Photon Cannon x2  
  200  24:46  Photon Cannon  
  200  24:50  Shield Battery  
  200  24:52  Shield Battery  
  200  24:54  Shield Battery  
  200  25:20  Shield Battery  
  200  25:22  Shield Battery  
  200  25:23  Shield Battery  
  200  25:25  Pylon  
  200  25:27  Pylon  
  200  25:32  Shield Battery  
  200  25:39  Pylon  
  200  25:44  Stargate  
  200  25:47  Pylon  
  200  25:49  Pylon  
  200  25:50  Pylon  
  200  25:52  Pylon x2  
  200  25:53  Pylon  
  200  25:54  Pylon x2  
  200  25:56  Pylon x2  
  200  25:57  Pylon  
  200  25:58  Pylon  
  200  26:00  Pylon  
  200  26:01  Pylon  
  200  26:13  Pylon  
  200  26:14  Pylon  
  200  26:15  Pylon  
  200  26:16  Pylon  
  200  26:19  Pylon  
  200  26:32  Photon Cannon  
  200  26:35  Photon Cannon x2  
  200  26:42  Photon Cannon  
  200  26:45  Photon Cannon  
  200  26:47  Photon Cannon  
  200  26:51  Photon Cannon  
  200  27:00  Shield Battery  
  200  27:01  Shield Battery  
  200  27:04  Shield Battery  
  200  27:05  Shield Battery  
  200  27:06  Shield Battery  
  200  27:08  Shield Battery  
  200  27:12  Photon Cannon  
  200  27:16  Photon Cannon  
  200  27:18  Photon Cannon  
  200  27:19  Photon Cannon  
  200  27:20  Photon Cannon  
  200  27:49  Photon Cannon x2  
  200  27:51  Photon Cannon  
  200  28:03  Photon Cannon  
  200  29:30  Shield Battery  
  200  29:32  Observer  
  200  29:36  Shield Battery  
  200  29:38  Shield Battery  
  200  29:41  Shield Battery  
  200  29:45  Shield Battery  
  200  29:48  Shield Battery  
  200  30:28  Photon Cannon  
  200  30:29  Photon Cannon  
  200  30:31  Photon Cannon  
  200  30:32  Photon Cannon  
  200  30:34  Photon Cannon  
  200  30:35  Photon Cannon, Observer  
  200  30:38  Photon Cannon  
  200  30:39  Photon Cannon  
  200  30:40  Photon Cannon  
  200  30:42  Photon Cannon x2  
  200  30:43  Photon Cannon  
  200  30:45  Photon Cannon  
  200  30:48  Photon Cannon x2  
  200  30:50  Photon Cannon x2  
  200  30:51  Photon Cannon  
  200  31:27  Photon Cannon x2  
  200  31:28  Photon Cannon  
  200  31:30  Photon Cannon  
  200  31:33  Photon Cannon  
  200  31:34  Photon Cannon  
  200  31:36  Photon Cannon  
  200  31:37  Photon Cannon x2  
  200  31:40  Photon Cannon x2  
  200  31:42  Photon Cannon  
  200  31:46  Photon Cannon x2  
  200  31:47  Photon Cannon  
  200  31:48  Photon Cannon  
  200  31:52  Photon Cannon  
  200  31:53  Photon Cannon  
  200  38:45  Observer  
  180  50:43  Tempest x4  
  196  51:02  Tempest  
  200  51:20  Photon Cannon x2  
  200  51:22  Photon Cannon  
  200  51:23  Photon Cannon  
  200  51:27  Photon Cannon  
  200  51:28  Photon Cannon  
  200  51:29  Photon Cannon  
  200  51:30  Photon Cannon  
  200  51:32  Photon Cannon  
  200  51:33  Photon Cannon  
  200  51:35  Photon Cannon  
  200  51:54  Photon Cannon  
  200  51:55  Photon Cannon  
  200  51:56  Photon Cannon  
  200  51:57  Photon Cannon  
  200  51:58  Photon Cannon  
  200  52:01  Photon Cannon  
  200  52:03  Photon Cannon  
  200  52:05  Photon Cannon  
  200  52:06  Photon Cannon  
  200  52:07  Photon Cannon  
  200  52:09  Photon Cannon  
  200  52:11  Photon Cannon x2  
  200  52:12  Photon Cannon  
  200  52:14  Photon Cannon x2  
  200  52:16  Photon Cannon x2  
  200  52:18  Photon Cannon  
  200  52:19  Photon Cannon  
  200  52:20  Photon Cannon  
  200  52:22  Photon Cannon x2  
  200  52:23  Photon Cannon  
  200  52:25  Photon Cannon  
  200  52:30  Photon Cannon  
  200  52:32  Photon Cannon x2  
  200  52:33  Photon Cannon  
  200  52:34  Photon Cannon  
  200  52:35  Photon Cannon  
  200  52:37  Photon Cannon  
  176  53:40  Tempest x2  
  176  53:41  Tempest x4  
  186  53:42  Tempest  
  198  53:59  Photon Cannon x2  
  198  54:16  Photon Cannon  
  198  54:17  Photon Cannon  
  198  54:19  Photon Cannon  
  198  54:20  Photon Cannon  
  198  54:26  Photon Cannon  
  198  54:27  Photon Cannon  
  198  54:29  Photon Cannon  
  198  54:45  Photon Cannon  
  198  54:47  Photon Cannon x2  
  198  54:49  Photon Cannon x2  
  198  55:21  Pylon  
  198  55:22  Pylon  
  198  55:26  Pylon  
  198  55:27  Pylon x2  
  198  56:26  Nexus  
Show
View Real Time Build Order
Export as new Build Order

OldManEmu Protoss 

Build Orders: 1 Gate Expand 

Get SALT Encoding   

  12  0:32  Probe  
  13  0:38  Pylon  
  13  0:45  Probe  
  14  0:51  Assimilator  
  15  0:57  Gateway, Probe  
  15  1:01  Pylon  
  15  1:09  Probe  
  16  1:18  Pylon  
  16  1:19  Nexus  
  16  1:20  Pylon  
  16  1:21  Probe  
  17  1:33  Probe  
  18  1:40  Assimilator  
  18  1:45  Cybernetics Core, Probe  
  19  1:47  Forge  
  19  1:57  Probe  
  20  2:10  Pylon  
  20  2:16  Probe  
  21  2:25  Stargate  
  21  2:27  Stargate  
  21  2:28  Probe  
  22  2:40  Probe  
  23  3:12  Nexus  
  23  3:14  Void Ray  
  23  3:17  Void Ray  
  31  3:31  Probe  
  31  3:33  Probe  
  33  3:43  Probe  
  33  3:45  Probe  
  35  3:55  Probe  
  36  4:13  Unknown  
  36  4:20  Probe x2  
  38  4:32  Probe x2  
  40  4:39  Fleet Beacon  
  40  4:44  Probe x2  
  42  4:47  Twilight Council  
  42  4:56  Probe x2  
  42  4:57  Pylon  
  42  4:59  Pylon  
  44  5:02  Pylon  
  44  5:04  Pylon  
  44  5:06  Pylon  
  44  5:08  Probe x3  
  44  5:12  Pylon  
  44  5:13  Pylon  
  47  5:21  Assimilator, Probe  
  48  5:23  Assimilator  
  48  5:25  Probe x2  
  50  5:30  Probe  
  51  5:37  Probe x2  
  51  5:38  Probe  
  54  5:47  Probe  
  55  5:59  Probe  
  56  6:11  Probe  
  56  6:14  Probe  
  58  6:22  Probe  
  58  6:23  Probe  
  59  6:31  Probe  
  60  6:35  Probe  
  60  6:39  Photon Cannon  
  62  6:41  Photon Cannon  
  62  6:42  Photon Cannon  
  62  6:43  Probe  
  62  6:44  Photon Cannon, Protoss Ground Weapons Level 1  
  62  6:46  Photon Cannon  
  63  6:48  Probe  
  63  6:50  Warp Gate  
  63  6:53  Blink  
  64  7:14  Gateway  
  64  7:16  Gateway  
  64  7:18  Gateway  
  64  7:19  Gateway  
  64  7:21  Gateway  
  64  7:23  Gateway, Robotics Facility  
  64  7:26  Robotics Facility  
  64  7:27  Robotics Facility  
  64  7:29  Gateway  
  64  7:31  Gateway  
  64  7:32  Gateway  
  64  7:34  Gateway  
  64  7:36  Photon Cannon  
  64  7:38  Photon Cannon  
  64  7:40  Photon Cannon  
  64  7:43  Photon Cannon  
  64  8:04  Pylon  
  64  8:05  Pylon  
  64  8:06  Cybernetics Core  
  64  8:10  Forge  
  64  8:16  Robotics Bay  
  64  8:28  Tempest x2  
  72  8:35  Unknown, Flux Vanes  
  72  8:44  Protoss Air Weapons Level 1  
  72  8:48  Gateway x2  
  72  8:50  Gateway  
  72  8:52  Gateway  
  72  8:54  Charge  
  72  9:11  Gateway  
  72  9:29  Dark Shrine  
  72  9:31  Tempest  
  72  9:32  Tempest  
  72  9:33  Anion Pulse-Crystals  
  80  9:40  Stargate x2  
  80  9:49  Stargate  
  80  9:50  Stargate  
  80  9:51  Stargate  
  80  9:53  Stargate  
  80  9:55  Pylon  
  80  9:57  Pylon  
  80  9:58  Observer  
  80  9:59  Pylon, Observer x2, Protoss Shields Level 1  
  83  10:01  Photon Cannon  
  83  10:05  Photon Cannon  
  83  10:08  Protoss Ground Weapons Level 2  
  83  10:15  Carrier  
  83  10:16  Carrier  
  83  10:20  Protoss Air Armor Level 1  
  95  10:41  Protoss Air Weapons Level 2  
  95  11:18  Carrier  
  95  11:19  Tempest x2, Carrier  
  119  11:30  Void Ray  
  119  11:31  Phoenix  
  121  11:57  Shadow Stride  
  121  12:00  Protoss Ground Armor Level 1  
  121  12:04  Phoenix  
  121  12:05  Phoenix x2  
  121  12:08  Tempest, Void Ray  
  135  12:20  Tempest  
  139  12:23  Oracle  
  142  12:41  Pylon  
  142  12:45  Phoenix  
  142  12:48  Pylon  
  144  13:00  Pylon, Phoenix  
  144  13:04  Pylon  
  146  13:08  Pylon  
  146  13:10  Phoenix  
  148  13:13  Pylon  
  148  13:17  Pylon  
  148  13:25  Phoenix  
  150  13:31  Stargate  
  150  13:33  Stargate  
  150  13:35  Stargate  
  150  13:37  Stargate  
  150  13:38  Stargate  
  150  13:40  Stargate  
  150  13:43  Stargate  
  150  13:47  Photon Cannon x2  
  150  13:56  Photon Cannon  
  150  13:57  Photon Cannon  
  150  13:58  Photon Cannon  
  150  14:00  Photon Cannon  
  150  14:02  Photon Cannon x2  
  150  14:05  Photon Cannon  
  150  14:10  Photon Cannon  
  150  14:14  Photon Cannon x2  
  150  14:15  Photon Cannon  
  150  14:17  Photon Cannon  
  150  14:22  Pylon  
  150  14:29  Tempest  
  150  14:30  Tempest x4  
  170  14:37  Tempest  
  174  15:16  Gateway x2  
  174  15:18  Gateway  
  174  15:22  Gateway  
  174  15:29  Photon Cannon x2  
  174  15:38  Photon Cannon  
  174  15:45  Photon Cannon  
  174  15:52  Photon Cannon  
  174  15:53  Photon Cannon  
  174  15:57  Pylon  
  174  16:00  Gateway  
  174  16:12  Gateway  
  174  16:21  Gateway  
  174  16:27  Gateway  
  174  16:34  Gateway  
  174  16:37  Stargate  
  174  16:47  Photon Cannon  
  174  16:51  Photon Cannon  
  174  16:54  Stargate  
  174  16:55  Photon Cannon  
  174  16:57  Photon Cannon  
  174  16:59  Stargate  
  174  17:04  Photon Cannon x2  
  174  17:07  Gateway  
  174  17:08  Gateway  
  174  17:17  Photon Cannon  
  174  17:20  Photon Cannon  
  174  17:24  Photon Cannon  
  174  17:27  Photon Cannon  
  174  17:30  Photon Cannon  
  174  17:31  Photon Cannon  
  174  17:38  Photon Cannon  
  174  17:53  Photon Cannon  
  174  17:55  Photon Cannon  
  174  17:58  Photon Cannon  
  174  17:59  Photon Cannon  
  174  18:00  Photon Cannon  
  174  18:02  Photon Cannon  
  174  18:03  Photon Cannon  
  174  18:04  Photon Cannon  
  174  18:15  Shield Battery  
  174  18:16  Shield Battery  
  174  18:17  Shield Battery  
  174  18:23  Shield Battery  
  174  18:25  Photon Cannon  
  174  18:27  Photon Cannon  
  174  18:28  Photon Cannon  
  174  18:30  Photon Cannon x2  
  174  18:34  Pylon  
  174  19:12  Protoss Shields Level 2  
  174  19:19  Protoss Ground Weapons Level 3  
  174  19:23  Gravitic Boosters  
  174  19:32  Protoss Air Weapons Level 3  
  174  19:39  Protoss Air Armor Level 2  
  174  19:41  Photon Cannon  
  174  19:44  Photon Cannon  
  174  19:45  Photon Cannon  
  174  19:48  Photon Cannon  
  174  19:49  Photon Cannon  
  174  19:50  Photon Cannon  
  174  19:51  Photon Cannon  
  174  19:57  Pylon  
  174  19:58  Shield Battery  
  174  20:00  Shield Battery  
  174  20:01  Shield Battery  
  174  20:03  Shield Battery  
  174  20:22  Phoenix x2  
  174  20:23  Phoenix x5  
  174  20:24  Phoenix x5  
  174  20:25  Phoenix  
  200  20:47  Gravitic Drive  
  200  21:37  Protoss Ground Armor Level 2  
  200  22:30  Pylon x2  
  200  23:23  Shield Battery x2  
  200  23:26  Shield Battery  
  200  23:28  Shield Battery  
  200  23:32  Shield Battery  
  200  23:33  Shield Battery  
  200  23:34  Shield Battery  
  200  23:36  Shield Battery  
  200  23:41  Shield Battery  
  200  23:43  Shield Battery  
  200  23:45  Shield Battery  
  200  23:47  Shield Battery  
  200  24:01  Pylon  
  200  24:21  Shield Battery  
  200  24:23  Shield Battery  
  200  24:24  Shield Battery  
  200  24:25  Shield Battery  
  200  24:29  Photon Cannon x2  
  200  24:31  Photon Cannon  
  200  24:33  Photon Cannon  
  200  24:35  Photon Cannon  
  200  24:40  Photon Cannon  
  200  24:42  Photon Cannon  
  200  24:43  Photon Cannon  
  200  24:50  Shield Battery  
  200  24:52  Shield Battery  
  200  24:55  Shield Battery  
  200  24:57  Shield Battery  
  200  24:59  Shield Battery  
  200  25:01  Shield Battery  
  200  25:03  Shield Battery  
  200  25:06  Shield Battery  
  200  25:09  Photon Cannon  
  200  25:11  Photon Cannon  
  200  25:13  Photon Cannon  
  200  25:15  Photon Cannon  
  200  25:17  Photon Cannon  
  200  25:18  Photon Cannon  
  200  25:21  Photon Cannon  
  200  25:22  Photon Cannon  
  200  25:27  Photon Cannon  
  200  25:29  Photon Cannon  
  200  25:31  Photon Cannon  
  200  25:33  Photon Cannon  
  200  25:35  Photon Cannon  
  200  25:41  Photon Cannon x2  
  200  25:44  Photon Cannon  
  200  25:49  Photon Cannon  
  200  25:51  Photon Cannon  
  200  25:53  Photon Cannon  
  200  25:55  Photon Cannon  
  200  25:57  Photon Cannon  
  200  25:59  Photon Cannon  
  200  37:11  Protoss Shields Level 3  
  200  37:15  Protoss Ground Armor Level 3  
  200  37:30  Protoss Air Armor Level 3  
  200  40:08  Extended Thermal Lance  
  200  46:32  Resonating Glaives  
  200  48:44  Observer  
  193  52:27  Void Ray x2  
  193  52:28  Void Ray x3  
  193  52:29  Void Ray  
  191  52:30  Void Ray  
  191  52:32  Void Ray  
  189  52:45  Phoenix x5  
  192  53:52  Tempest  
  192  53:54  Tempest  
  196  54:24  Phoenix x2  
  200  56:10  Pylon  
  200  56:12  Pylon  
  200  56:14  Pylon  
Show
View Real Time Build Order
Export as new Build Order

Cyclone Zerg 

Build Orders: Hatch First 

Get SALT Encoding   

  12  0:57  Drone x2  
  14  1:04  Hatchery  
  14  1:05  Hatchery  
  12  1:12  Drone x2  
  14  1:21  Extractor  
  14  1:22  Extractor  
  14  1:23  Drone  
  13  1:26  Hatchery  
  13  1:28  Hatchery  
  11  1:57  Drone x3  
  14  2:01  Spawning Pool  
  13  2:09  Drone  
  14  2:18  Drone x2  
  16  2:32  Drone x4  
  20  2:42  Drone x5  
  25  2:51  Queen x3  
  25  2:52  Queen x2  
  35  3:04  Drone x3  
  38  3:06  Overlord x2  
  38  3:31  Drone x11  
  49  3:43  Drone x5  
  54  3:54  Extractor  
  54  3:55  Extractor, Lair  
  52  4:00  Drone x2  
  54  4:03  Overlord x3  
  54  4:04  Overlord  
  54  4:31  Drone  
  54  4:32  Drone x19  
  74  4:45  Roach Warren  
  73  4:48  Baneling Nest  
  72  4:53  Evolution Chamber  
  72  4:55  Evolution Chamber  
  72  4:56  Infestation Pit  
  72  4:57  Evolution Chamber  
  69  5:42  Zergling x2  
  69  5:43  Zergling x12  
  69  5:44  Zergling x2  
  69  5:45  Overlord x3  
  69  5:47  Zerg Missile Weapons Level 1, Zerg Melee Weapons Level 1  
  69  5:48  Zerg Ground Armor Level 1  
  69  5:49  Tunneling Claws  
  76  5:50  Centrifugal Hooks, Metabolic Boost  
  76  5:51  Neural Parasite  
  76  5:53  Hive  
  76  6:18  Spire  
  76  6:19  Spire  
  76  6:20  Overlord x4  
  76  6:22  Spire  
  73  6:50  Hydralisk Den  
  72  7:07  Glial Reconstitution  
  72  7:10  Ultralisk Cavern  
  71  7:16  Baneling x8  
  71  7:18  Baneling  
  71  7:19  Baneling x7  
  71  7:29  Hatchery  
  70  7:30  Hatchery  
  70  7:32  Hatchery  
  70  7:35  Hatchery  
  70  7:36  Hatchery, Greater Spire, Zerg Flyer Weapons Level 1, Zerg Flyer Armor Level 1  
  66  7:38  Hatchery, Overlord, Drone x8  
  66  7:39  Hatchery, Overlord x8, Drone x2  
  74  7:55  Nydus Network  
  74  7:56  Nydus Network  
  74  7:58  Chitinous Plating  
  72  8:00  Muscular Augments  
  72  8:04  Burrow  
  72  8:06  Pneumatized Carapace  
  72  9:04  Grooved Spines  
  72  9:17  Anabolic Synthesis  
  72  10:08  Zerg Flyer Armor Level 2, Zerg Flyer Weapons Level 2  
  72  10:09  Zerg Missile Weapons Level 2, Zerg Melee Weapons Level 2, Zerg Ground Armor Level 2  
  72  10:58  Unknown  
  72  11:43  Zergling x2  
  72  11:44  Zergling x6  
  76  11:50  Corruptor x2  
  76  11:51  Corruptor x9  
  76  11:52  Corruptor x19  
  76  11:53  Corruptor x13  
  162  12:04  Corruptor  
  162  12:05  Corruptor x18  
  200  13:03  Lair  
  200  13:13  Zerg Flyer Weapons Level 3, Zerg Flyer Armor Level 3  
  200  13:14  Zerg Melee Weapons Level 3, Zerg Missile Weapons Level 3, Zerg Ground Armor Level 3  
  200  14:40  Spine Crawler  
  200  14:43  Spine Crawler x3  
  200  14:44  Spine Crawler  
  195  14:46  Drone x8, Spore Crawler x3  
  195  14:47  Spore Crawler  
  195  14:48  Overlord  
  195  14:49  Overlord  
  199  14:54  Spore Crawler  
  199  14:55  Spore Crawler  
  199  14:58  Spore Crawler  
  196  15:01  Spore Crawler  
  196  15:02  Spore Crawler x2  
  196  15:03  Spore Crawler  
  196  15:04  Spore Crawler  
  196  15:06  Spore Crawler  
  190  15:13  Spore Crawler  
  189  15:15  Spore Crawler x2  
  189  15:17  Spore Crawler x4  
  189  15:18  Spore Crawler  
  189  15:20  Spore Crawler  
  189  15:21  Spine Crawler  
  180  15:23  Spine Crawler  
  180  15:24  Spine Crawler x5  
  180  15:26  Spine Crawler x3  
  180  15:28  Spine Crawler x2  
  170  15:29  Spine Crawler  
  170  15:31  Spine Crawler x2  
  170  15:32  Spine Crawler  
  170  15:33  Spine Crawler x2  
  170  15:34  Spine Crawler  
  162  15:35  Spine Crawler  
  162  15:37  Spine Crawler, Spore Crawler x2  
  158  15:45  Spine Crawler  
  157  16:01  Drone x13  
  157  16:02  Drone x29  
  157  16:03  Drone  
  200  16:15  Greater Spire  
  200  16:24  Hive  
  164  41:35  Overseer x3  
Show
View Real Time Build Order
Export as new Build Order

EarthEssance Zerg 

Build Orders: Pool First, Lurkers 

Get SALT Encoding   

  12  0:40  Drone  
  13  0:43  Overlord  
  13  0:44  Drone  
  14  0:54  Overlord  
  14  0:57  Extractor  
  14  0:59  Spawning Pool  
  14  1:02  Drone  
  13  1:10  Hatchery  
  12  1:17  Drone  
  13  1:24  Drone  
  14  1:34  Drone  
  15  1:41  Hatchery  
  15  1:46  Queen  
  14  1:50  Drone  
  17  2:04  Hatchery, Drone  
  17  2:07  Drone  
  18  2:17  Drone  
  19  2:23  Queen  
  19  2:24  Drone  
  19  2:27  Lair  
  19  2:29  Drone  
  23  2:34  Drone  
  24  2:38  Drone  
  25  2:52  Drone  
  25  2:54  Drone  
  25  2:55  Queen  
  25  2:57  Drone  
  30  3:00  Drone x3  
  30  3:01  Drone  
  34  3:07  Drone  
  34  3:11  Drone  
  36  3:16  Queen  
  36  3:18  Drone x2  
  40  3:23  Extractor  
  40  3:27  Drone x2  
  40  3:28  Evolution Chamber x2, Drone x2  
  41  3:35  Drone x4  
  41  3:40  Extractor  
  41  3:41  Extractor  
  43  3:44  Queen  
  45  3:49  Drone x2  
  45  3:50  Drone  
  45  3:52  Overlord  
  45  3:53  Overlord  
  45  3:55  Zerg Ground Armor Level 1  
  48  3:57  Zerg Missile Weapons Level 1  
  48  4:01  Infestation Pit  
  47  4:06  Drone  
  48  4:14  Drone x6  
  48  4:16  Drone  
  48  4:17  Drone x3  
  58  4:26  Drone x6, Hydralisk Den  
  63  4:33  Spine Crawler  
  59  5:08  Hive  
  58  5:53  Zerg Ground Armor Level 2  
  58  5:54  Zerg Missile Weapons Level 2, Spine Crawler  
  57  6:19  Queen  
  57  6:23  Overlord x4  
  57  6:24  Overlord x3  
  59  6:28  Muscular Augments  
  59  6:35  Ultralisk Cavern  
  59  6:38  Spire  
  57  6:41  Drone x2  
  59  7:11  Lurker Den, Hydralisk x6  
  59  7:12  Hydralisk x7  
  59  7:13  Hydralisk  
  86  7:32  Grooved Spines  
  86  7:39  Hydralisk  
  86  7:40  Hydralisk x6  
  100  7:45  Ultralisk  
  100  7:46  Ultralisk x2  
  100  7:49  Overlord x5  
  100  7:50  Overlord x4  
  118  7:53  Zerg Flyer Weapons Level 1  
  118  8:01  Spire  
  117  8:30  Zerg Ground Armor Level 3  
  117  8:31  Zerg Missile Weapons Level 3  
  117  8:36  Evolution Chamber  
  117  8:38  Lurker  
  117  8:39  Lurker x5  
  117  8:40  Lurker  
  123  8:43  Overlord x2  
  123  8:44  Overlord  
  123  9:27  Corruptor  
  123  9:28  Corruptor x7  
  123  9:29  Corruptor x4  
  123  9:30  Corruptor x8  
  123  9:31  Corruptor x7  
  163  9:35  Zerg Flyer Armor Level 1  
  163  9:37  Overlord  
  177  10:21  Corruptor x3  
  177  10:22  Overlord x2  
  177  10:26  Zerg Flyer Weapons Level 2  
  183  11:53  Zerg Melee Weapons Level 1  
  183  12:07  Anabolic Synthesis  
  183  12:09  Seismic Spines  
  183  12:50  Chitinous Plating  
  183  13:05  Zerg Flyer Armor Level 2  
  183  13:06  Adaptive Talons  
  183  13:07  Zerg Flyer Weapons Level 3  
  183  13:22  Nydus Network  
  182  13:49  Zerg Melee Weapons Level 2  
  182  14:01  Nydus Canal  
  182  14:28  Nydus Canal  
  182  15:29  Hatchery  
  182  15:33  Hatchery  
  180  16:06  Hatchery  
  179  16:25  Queen  
  179  16:31  Zerg Flyer Armor Level 3  
  179  16:32  Zerg Melee Weapons Level 3  
  181  17:02  Drone x3  
  181  17:03  Drone x6  
  181  17:04  Drone x5  
  181  17:06  Spore Crawler x2  
  181  17:07  Spore Crawler  
  192  17:09  Spore Crawler  
  192  17:10  Spore Crawler x2  
  192  17:11  Spine Crawler  
  192  17:12  Spine Crawler  
  192  17:14  Spine Crawler x2  
  192  17:15  Drone x3  
  187  17:16  Drone x7  
  187  17:17  Spine Crawler x2, Drone x6  
  199  17:32  Spine Crawler, Drone x3  
  199  17:33  Spore Crawler, Drone x4  
  199  17:34  Spore Crawler x2  
  199  17:35  Spore Crawler  
  199  17:36  Spore Crawler  
  200  17:37  Spine Crawler  
  200  17:38  Spine Crawler  
  200  17:39  Spine Crawler x2  
  200  17:40  Spine Crawler x2  
  200  17:41  Spine Crawler  
  200  17:43  Spine Crawler  
  192  17:44  Spine Crawler  
  192  17:46  Spine Crawler  
  192  17:48  Spore Crawler  
  189  18:32  Spore Crawler x2  
  189  18:33  Spore Crawler  
  186  18:34  Spore Crawler  
  186  18:35  Spine Crawler  
  186  18:37  Spine Crawler x3, Drone x2  
  186  18:38  Spine Crawler, Drone x4  
  186  18:40  Spine Crawler  
  186  18:41  Spine Crawler  
  184  20:08  Spore Crawler  
  184  20:09  Drone, Spore Crawler  
  184  20:10  Spore Crawler x2, Drone x5  
  184  20:11  Spine Crawler  
  184  20:12  Spine Crawler  
  184  20:13  Spine Crawler  
  183  20:45  Spore Crawler  
  183  20:46  Drone x4  
  183  20:48  Spore Crawler  
  185  20:52  Spine Crawler  
  185  20:53  Spine Crawler  
  185  20:54  Spine Crawler  
  182  21:32  Spine Crawler  
  181  21:41  Drone x5  
  181  21:43  Drone  
  187  22:28  Hatchery  
  186  22:32  Hatchery  
  186  22:33  Drone x3  
  186  22:34  Drone x2  
  190  22:37  Hatchery  
  189  22:53  Spine Crawler  
  189  22:55  Spine Crawler  
  187  23:13  Hydralisk x2  
  187  23:14  Hydralisk x2  
  195  23:34  Spore Crawler  
  194  26:27  Greater Spire  
  193  27:35  Unknown  
  198  28:55  Drone x2  
  198  29:19  Overseer x4  
  198  29:20  Drone x3, Pneumatized Carapace  
  198  30:39  Spore Crawler  
  198  30:40  Spore Crawler x2  
  198  30:41  Spore Crawler  
  198  30:42  Spore Crawler  
  193  30:43  Spore Crawler  
  193  30:47  Spore Crawler  
  191  35:22  Spore Crawler x2  
  275  47:12  Corruptor  
  275  47:15  Corruptor  
  275  47:36  Drone  
  275  47:42  Corruptor  
  275  47:51  Drone  
  275  48:00  Corruptor  
  275  48:04  Corruptor  
  275  48:07  Drone  
  275  49:01  Corruptor x5  
  275  49:02  Corruptor x4  
  275  49:03  Corruptor x9  
  275  49:04  Corruptor x3  
  275  49:18  Drone x3  
  275  49:19  Drone  
  275  49:20  Drone  
  266  49:36  Corruptor x6  
  266  49:37  Corruptor x7  
  224  50:14  Corruptor x6  
Show
View Real Time Build Order
Export as new Build Order

Avalon Zerg 

Build Orders: Pool First 

Get SALT Encoding   

  12  0:31  Drone  
  12  0:32  Drone  
  14  0:40  Spawning Pool  
  13  0:47  Hatchery  
  13  0:50  Drone  
  13  0:51  Hatchery  
  12  0:57  Hatchery  
  12  1:00  Overlord  
  11  1:05  Drone  
  11  1:09  Drone  
  13  1:16  Drone  
  14  1:32  Extractor  
  13  1:36  Drone x2  
  15  1:40  Extractor  
  15  1:42  Lair  
  14  1:55  Drone  
  15  2:04  Drone x3  
  18  2:10  Drone  
  19  2:15  Drone  
  19  2:16  Drone x2  
  22  2:23  Drone  
  23  2:30  Queen  
  23  2:34  Drone  
  26  2:49  Spire  
  25  3:00  Spire  
  25  3:05  Drone  
  25  3:06  Drone  
  26  3:17  Queen  
  28  3:43  Drone x8  
  28  3:44  Drone  
  28  3:48  Drone  
  38  3:52  Overlord  
  38  3:57  Drone  
  38  3:58  Drone  
  40  4:05  Overlord  
  40  4:11  Pneumatized Carapace  
  40  4:15  Extractor  
  39  4:18  Extractor  
  39  4:19  Drone x3  
  41  4:35  Drone x3  
  41  4:37  Drone x3  
  47  4:39  Drone  
  47  4:41  Overlord  
  47  4:44  Overlord  
  48  4:48  Overlord  
  48  4:51  Overlord  
  48  4:52  Overlord  
  48  4:53  Overlord  
  48  4:57  Overlord  
  48  5:20  Overlord  
  48  5:37  Queen  
  48  5:38  Queen x2  
  54  5:47  Corruptor x2  
  54  5:48  Corruptor x4  
  66  5:54  Corruptor  
  68  6:19  Overlord, Corruptor  
  68  6:21  Corruptor x3  
  68  6:22  Corruptor  
  78  6:32  Overlord x3  
  78  6:38  Corruptor x2  
  82  6:43  Zerg Flyer Weapons Level 1  
  82  6:45  Zerg Flyer Armor Level 1  
  82  7:15  Overlord x4, Overseer  
  82  7:19  Overseer x2  
  82  7:21  Overseer  
  82  7:23  Overseer  
  82  7:27  Overseer x2  
  82  7:28  Overseer  
  82  7:33  Overseer  
  82  7:39  Overseer  
  82  7:43  Overseer x2  
  82  7:55  Overlord x3  
  82  7:56  Overlord  
  82  8:04  Overlord x4  
  82  8:40  Zerg Flyer Armor Level 2, Zerg Flyer Weapons Level 2  
  82  8:46  Infestation Pit  
  81  8:48  Hydralisk Den  
  81  8:53  Roach Warren, Drone x3  
  81  8:54  Metabolic Boost  
  82  8:56  Corruptor x4  
  82  8:57  Corruptor x4  
  98  9:42  Hive  
  98  9:44  Corruptor  
  98  9:45  Corruptor x4  
  108  10:21  Lurker Den  
  107  10:22  Drone x9  
  116  10:44  Evolution Chamber  
  116  10:45  Evolution Chamber  
  116  10:46  Drone x2  
  116  10:47  Drone x2  
  116  10:49  Evolution Chamber  
  117  10:58  Drone x2  
  117  10:59  Drone x6  
  125  11:17  Zerg Missile Weapons Level 1, Zerg Melee Weapons Level 1, Zerg Ground Armor Level 1  
  125  11:19  Adaptive Talons  
  125  11:21  Glial Reconstitution  
  125  11:23  Grooved Spines  
  125  11:54  Spore Crawler x3  
  125  11:55  Spore Crawler x2  
  125  11:56  Spore Crawler x2  
  125  11:57  Spore Crawler  
  125  11:59  Spore Crawler x2  
  125  12:00  Spore Crawler  
  114  12:01  Spore Crawler  
  114  12:02  Spore Crawler  
  114  12:03  Spore Crawler  
  114  12:05  Spore Crawler  
  114  12:06  Drone x2  
  114  12:07  Drone x7  
  119  12:11  Zerg Flyer Weapons Level 3, Zerg Flyer Armor Level 3  
  119  12:13  Muscular Augments  
  119  12:16  Seismic Spines  
  119  12:21  Drone x3  
  122  12:28  Spine Crawler  
  121  12:39  Spine Crawler  
  121  12:40  Spine Crawler  
  121  12:41  Spine Crawler  
  121  12:43  Spine Crawler  
  117  12:45  Spine Crawler x2  
  117  12:50  Spore Crawler  
  114  12:53  Spine Crawler  
  113  13:12  Spore Crawler  
  113  13:13  Spine Crawler  
  113  13:18  Spore Crawler  
  110  13:26  Drone  
  111  13:27  Ultralisk Cavern  
  110  13:38  Baneling Nest  
  109  13:43  Drone, Nydus Network  
  109  14:01  Hydralisk  
  109  14:02  Hydralisk x14  
  131  14:08  Drone x2  
  131  14:09  Drone x7  
  148  14:22  Unknown  
  148  14:41  Ultralisk x2  
  160  14:49  Spine Crawler, Spore Crawler  
  160  14:50  Spine Crawler  
  160  14:52  Spore Crawler  
  156  14:53  Spine Crawler, Spore Crawler x2  
  156  14:54  Spore Crawler x2  
  151  15:09  Ultralisk  
  157  15:31  Anabolic Synthesis  
  157  15:58  Drone  
  157  15:59  Drone x6  
  164  16:13  Zerg Missile Weapons Level 2, Zerg Melee Weapons Level 2, Zerg Ground Armor Level 2, Chitinous Plating  
  164  16:20  Spine Crawler  
  164  16:22  Spine Crawler x2  
  164  16:24  Spine Crawler  
  160  16:26  Spine Crawler  
  160  16:30  Spine Crawler  
  158  16:51  Spore Crawler  
  157  17:13  Drone x5  
  162  17:17  Ultralisk, Hydralisk x3  
  162  17:18  Viper, Hydralisk  
  179  17:23  Zergling x16  
  179  17:24  Zergling x18  
  179  17:26  Spore Crawler  
  195  17:30  Adrenal Glands  
  195  17:38  Spore Crawler x2  
  195  17:42  Spore Crawler  
  192  17:44  Spore Crawler  
  191  17:52  Drone x2  
  191  17:53  Drone x2  
  195  18:02  Viper  
  198  18:06  Hydralisk  
  200  18:13  Spore Crawler x2  
  200  18:17  Drone x2  
  200  18:20  Spore Crawler  
  200  18:21  Spore Crawler  
  198  18:53  Spore Crawler  
  197  18:57  Spore Crawler  
  196  19:22  Drone x2  
  196  19:23  Drone x2  
  200  19:30  Zerg Melee Weapons Level 3, Zerg Missile Weapons Level 3, Zerg Ground Armor Level 3  
  200  19:41  Centrifugal Hooks  
  200  19:42  Tunneling Claws, Neural Parasite  
  200  19:45  Greater Spire  
  200  19:52  Spine Crawler  
  200  20:02  Spine Crawler x2  
  200  20:04  Spine Crawler  
  200  20:06  Spore Crawler, Drone x3  
  200  20:07  Drone  
  200  20:14  Overlord x5  
  200  20:37  Spore Crawler  
  200  20:38  Spore Crawler  
  200  20:39  Spore Crawler  
  200  20:41  Spore Crawler  
  200  20:42  Spore Crawler  
  195  20:43  Drone  
  195  20:44  Drone x3  
  195  20:45  Drone  
  200  21:07  Spore Crawler x2  
  200  21:08  Spore Crawler x2  
  200  21:11  Drone x4  
  197  21:14  Spore Crawler  
  199  21:38  Hatchery  
  198  21:43  Hatchery  
  197  22:00  Hatchery  
  196  22:02  Drone x4  
  196  22:05  Hatchery  
  199  22:20  Baneling x2  
  199  22:21  Baneling x30  
  199  22:22  Baneling x2  
  199  22:27  Hatchery  
  198  23:01  Evolution Chamber  
  198  23:02  Spore Crawler  
  198  23:03  Drone  
  198  23:04  Drone x3  
  200  23:05  Spore Crawler  
  200  23:27  Drone  
  200  23:34  Spore Crawler  
  200  23:35  Spore Crawler  
  200  23:38  Spore Crawler  
  200  23:41  Drone x3, Spore Crawler  
  196  23:42  Drone  
  200  24:01  Spore Crawler x2  
  200  24:02  Spore Crawler  
  197  24:06  Spore Crawler  
  196  24:16  Spore Crawler  
  195  24:24  Drone  
  195  24:25  Drone x4  
  200  24:44  Spore Crawler x2  
  198  24:51  Spore Crawler x2  
  198  24:52  Spore Crawler  
  195  24:53  Drone x5  
  200  25:42  Spore Crawler  
  199  25:43  Spore Crawler  
  199  25:44  Spore Crawler  
  199  25:47  Spore Crawler  
  199  25:49  Drone  
  197  25:50  Drone x4, Spore Crawler  
  200  26:10  Overseer x5  
  200  26:11  Overlord x3  
  200  26:12  Overlord x2  
  200  26:20  Spore Crawler  
  199  26:27  Spore Crawler  
  199  26:28  Spore Crawler x3  
  199  26:30  Drone x5  
  200  27:15  Spore Crawler  
  199  27:27  Spore Crawler  
  198  27:41  Spore Crawler x2  
  200  27:50  Drone x2  
  200  27:51  Drone x2  
  200  29:44  Spore Crawler  
  199  29:46  Spore Crawler  
  199  29:51  Spore Crawler  
  197  29:56  Spore Crawler  
  196  30:01  Spore Crawler  
  196  30:21  Corruptor  
  196  30:22  Corruptor  
  200  32:10  Overseer  
  200  32:11  Overseer x4  
  200  32:13  Overlord x13  
  200  32:16  Overlord x3  
  200  32:39  Overseer x11  
  200  32:40  Overseer x2  
  200  33:23  Overlord  
  200  33:25  Overlord  
  200  33:27  Overlord  
  200  33:29  Overlord  
  200  33:31  Overlord  
  200  33:35  Overlord  
  200  33:36  Overlord  
  200  42:18  Overseer x25  
  200  44:50  Burrow  
  200  46:30  Ultralisk x4  
  200  46:45  Hydralisk x20  
  200  47:03  Hydralisk  
  174  50:04  Corruptor  
  174  50:05  Corruptor x19  
  185  50:19  Lurker  
  185  50:20  Corruptor x2  
  185  50:21  Corruptor x8  
  194  51:26  Hydralisk x3  
  163  52:52  Overlord, Corruptor  
  163  52:53  Corruptor x16  
  163  52:55  Corruptor x6  
  163  52:56  Corruptor x2  
  119  53:19  Ultralisk  
  139  53:20  Ultralisk x13  
  193  53:53  Corruptor x3  
  187  55:04  Ultralisk x2  
  193  55:33  Ultralisk  
Tags
 
Add a new tag
Caveats
  • Supply blocks, unpowered buildings, or Contaminate may cause inaccurate times.
  • Supply counts are checked every 10 seconds.